 Dungeon Crawl Stone Soup version 0.19.0-16-g73b5abf (webtiles) character file.

353 Haldmier the Cleaver (level 6, 0/51 HPs)
             Began as a Hill Orc Fighter on Nov 10, 2016.
             Was an Initiate of Makhleb.
             Slain by Duvessa
             ... wielding a +0 rapier
              (3 damage)
             ... on level 4 of the Dungeon.
             The game lasted 00:10:40 (3061 turns).

Haldmier the Cleaver (Hill Orc Fighter)             Turns: 3061, Time: 00:10:40

Health: 0/51       AC:  6    Str: 19    XL:     6   Next: 62%
Magic:  6/6        EV:  7    Int:  8    God:    Makhleb [......]
Gold:   123        SH: 10    Dex: 12    Spells: 0 memorised, 5 levels left

rFire  . . .     SeeInvis .     a - +1 war axe
rCold  . . .     Gourm    .     b - +0 scale mail
rNeg   . . .     Faith    .     c - +1 shield
rPois  .         Spirit   .     (no helmet)
rElec  .         Reflect  .     (no cloak)
rCorr  .         Harm     .     (no gloves)
MR     .....                    (no boots)
Stlth  ..........               (no amulet)
                                (no ring)
                                r - ring of flight

@: about to teleport
A: no striking features
a: Renounce Religion, Evoke Flight


You were on level 4 of the Dungeon.
You worshipped Makhleb.
Makhleb was noncommittal.
You were not hungry.

You visited 2 branches of the dungeon, and saw 5 of its levels.

You collected 123 gold pieces.

Inventory:

Hand Weapons
 a - a +1 war axe (weapon)
 n - a +0 hunting sling
 w - a +0 blowgun
 C - the +3 short sword of the Poles {venom, rF+ SInv}
   (You found it on level 4 of the Dungeon)

   It poisons the flesh of those it strikes.
   It protects you from fire.
   It lets you see invisible.
Missiles
 j - 182 stones (quivered)
 o - 19 sling bullets
 x - 25 poisoned needles
Armour
 b - a +0 scale mail (worn)
 c - a +1 shield (worn)
Jewellery
 r - a ring of flight (left hand)
Wands
 G - a wand of enslavement (20/24)
Scrolls
 e - 3 scrolls of identify
 i - a scroll of teleportation
 k - a scroll of remove curse
 p - 2 scrolls of recharging
 z - a scroll of enchant weapon
Potions
 d - 2 potions of might
 g - a potion of mutation {unknown}
 l - a potion of cancellation {unknown}
 m - a potion of curing {unknown}
 q - a potion of brilliance {unknown}
 t - a potion of beneficial mutation {unknown}
 A - a potion of invisibility
Books
 B - a book of Maledictions

   Spells                             Type                      Level
   a - Corona                         Hexes                        1
   b - Ensorcelled Hibernation        Hexes/Ice                    2
   c - Confuse                        Hexes                        3
   d - Tukima's Dance                 Hexes                        3
   e - Dazzling Spray                 Conjuration/Hexes            3
Comestibles
 f - 2 bread rations
 h - 4 fruits
 s - a beef jerky
 E - 5 chunks of flesh


   Skills:
 - Level 3.6 Fighting
 + Level 9.0 Axes
 - Level 3.2 Armour
 - Level 3.2 Shields


You had 5 spell levels left.
You didn't know any spells.

Dungeon Overview and Level Annotations

Branches:
Dungeon (4/15)             Temple (1/1) D:4

Altars:
Ashenzari
Cheibriados
Dithmenos
Elyvilon
Fedhas
Hepliaklqana
Kikubaaqudgha
Makhleb
Okawaru
Qazlal
Trog
Uskayaw
Vehumet
Xom
Zin
The Shining One

Annotations:
D:4 Dowan; Duvessa; Grinder; Guinours's ghost, amateur DEIE


Message History

You slash Duvessa!
Duvessa is severely wounded.
You block Duvessa's attack. Duvessa hits you with a rapier!
* * * LOW HITPOINT WARNING * * *
You block Duvessa's attack.
You see here 13 bolts.
Duvessa hits you with a rapier!
* * * LOW HITPOINT WARNING * * *
Okay, then.
Evoke which item? (* to show all) (? for menu, Esc to quit)
Zapping:
G - a wand of enslavement {recharged} (will waste charges)
Press: ? - help, Shift-Dir - straight line, f - Duvessa
Aim: Duvessa, wielding a rapier (severely wounded, berserk, fast, unusually strong, chance to defeat MR: 28%)
Okay, then.
Okay, then.
As you read the scroll of teleportation, it crumbles to dust.
You feel strangely unstable. You block Duvessa's attack.
Dowan says, "My weaknesses are her strengths!"
Duvessa hits you with a rapier.
You die...

#####.. ####..###
........# #.# #.#
#####.# #(#
......# #.#
####### #e# ###
#e#
..##############@#
#................#
##################


You could see Duvessa (berserk) and Dowan.

Vanquished Creatures
  An ogre (D:3)
  A hound (D:4)
  2 orc priests
  A centaur skeleton (D:4)
  5 adders
  A worm (D:3)
  4 dart slugs
  2 leopard geckos
  15 orcs
  7 goblins
  8 hobgoblins
  6 jackals (D:1)
  11 kobolds
  A quokka (D:3)
  7 bats
  3 frilled lizards (D:2)
  A jackal skeleton (D:3)
  6 rats
82 creatures vanquished.

Vanquished Creatures (others)
  A bat (D:2)
1 creature vanquished.

Grand Total: 83 creatures vanquished

Notes
Turn   | Place    | Note
-------+----------+-------------------------------------------
     0 | D:1      | Haldmier the Hill Orc Fighter began the quest for the Orb.
     0 | D:1      | Reached XP level 1. HP: 19/19 MP: 1/1
    17 | D:1      | Reached skill level 3 in Axes
    35 | D:1      | Reached XP level 2. HP: 26/26 MP: 2/2
   302 | D:1      | Reached skill level 4 in Axes
   437 | D:1      | Reached XP level 3. HP: 27/31 MP: 3/3
   743 | D:2      | Reached skill level 5 in Axes
   751 | D:2      | Reached XP level 4. HP: 23/39 MP: 4/4
  1015 | D:2      | Reached skill level 6 in Axes
  1801 | D:3      | Reached XP level 5. HP: 45/45 MP: 5/5
  1834 | D:3      | Found a hazy altar of Hepliaklqana.
  1845 | D:3      | Noticed an ogre
  1872 | D:3      | Killed an ogre
  1872 | D:3      | Reached skill level 7 in Axes
  2127 | D:3      | Reached skill level 8 in Axes
  2127 | D:3      | Reached XP level 6. HP: 44/51 MP: 6/6
  2429 | D:4      | Got a jewelled short sword
  2431 | D:4      | Noticed Guinours's ghost (amateur DEIE)
  2432 | D:4      | Noticed Grinder
  2719 | D:3      | Identified the +3 short sword of the Poles {venom, rF+ SInv} (You found it on level 4 of the Dungeon)
  2795 | D:4      | Found a staircase to the Ecumenical Temple.
  2833 | D:4      | Reached skill level 9 in Axes
  2870 | Temple   | Entered the Ecumenical Temple
  2924 | Temple   | Became a worshipper of Makhleb the Destroyer
  3041 | D:4      | Noticed Dowan
  3042 | D:4      | Noticed Duvessa
  3061 | D:4      | Slain by Duvessa

Skill      XL: |  1  2  3  4  5  6 |
---------------+-------------------+-----
Axes           | 3 4 5 6 8 9 |  9.0
Fighting       | |  3.6
Armour         | |  3.2
Shields        | |  3.2

Action                   |  1- 3 |  4- 6 || total
-------------------------+-------+-------++-------
Melee: War axe           |    75 |   141 ||   216
  Use: Scroll            |       |    11 ||    11
  Eat: Chunk             |       |     7 ||     7
Armor: Scale mail        |    31 |    47 ||    78
Dodge: Dodged            |    30 |    42 ||    72
Block: Shield            |    53 |    50 ||   103
